 Dungeon Crawl Stone Soup version 0.19-a0-19-gf75ed07 (webtiles) character file.

115 Mefis the Magician (level 4, -11/24 HPs)
             Began as a Deep Elf Wizard on Apr 30, 2016.
             Killed by divine providence
             ... invoked by an orc priest
              (13 damage)
             ... on level 3 of the Dungeon.
             The game lasted 00:07:05 (2072 turns).

Mefis the Magician (Deep Elf Wizard)                Turns: 2072, Time: 00:07:06

Health: -11/24     AC:  4    Str:  4    XL:     4   Next: 68%
Magic:  4/13       EV: 13    Int: 24    God:
Gold:   29         SH:  0    Dex: 13    Spells: 5 memorised, 4 levels left

rFire  . . .     SeeInvis .     l - +0 hunting sling
rCold  + . .     Gourm    .     a - +0 robe
rNeg   . . .     Faith    .     (no shield)
rPois  .         Spirit   .     b - +0 hat
rElec  .         Dismiss  .     f - +0 cloak
rCorr  .         Reflect  .     (no gloves)
SustAt .         Harm     .     k - +0 pair of boots
MR     .....                    (no amulet)
Stlth  ++........               (no ring)
                                h - ring of protection from cold

@: very slightly contaminated, not resistant to hostile enchantments, unstealthy
A: no striking features
a: no special abilities


You were on level 3 of the Dungeon.
You were not hungry.

You visited 1 branch of the dungeon, and saw 3 of its levels.

You collected 29 gold pieces.

Inventory:

Hand Weapons
 l - a +0 hunting sling (weapon)
Missiles
 e - 8 sling bullets (quivered)
 m - 55 stones
 q - 25 arrows
Armour
 a - a +0 robe (worn)
 b - a +0 hat (worn)
 f - a +0 cloak (worn)
 k - a +0 pair of boots (worn)
Jewellery
 h - a ring of protection from cold (left hand)
 i - a cursed amulet of rage {unknown}
Scrolls
 g - 2 scrolls of magic mapping {unknown}
 j - a scroll of amnesia {unknown}
 n - 2 scrolls of remove curse {unknown}
 o - 2 scrolls of teleportation {unknown}
Potions
 p - 2 potions of mutation {unknown}
 r - a potion of magic {unknown}
 s - a potion of might {unknown}
Books
 c - a book of Minor Magic

   Spells                             Type                      Level
   a - Magic Dart                     Conjuration                  1
   b - Blink                          Translocation                2
   c - Call Imp                       Summoning                    2
   d - Repel Missiles                 Charms/Air                   2
   e - Slow                           Hexes                        2
   f - Conjure Flame                  Conjuration/Fire             3
   g - Mephitic Cloud                 Conjuration/Poison/Air       3
Comestibles
 d - 3 bread rations


   Skills:
 + Level 3.3 Dodging
 + Level 3.2 Stealth
 * Level 5.6 Spellcasting
 + Level 1.5 Conjurations
 + Level 1.8 Summonings
 + Level 2.0 Translocations
 + Level 0.7 Poison Magic


You had 4 spell levels left.
You knew the following spells:

 Your Spells              Type           Power        Failure   Level  Hunger
a - Magic Dart            Conj           ##..         6%          1    None
b - Call Imp              Summ           ###.....     8%          2    None
c - Blink                 Tloc           N/A          8%          2    None
d - Repel Missiles        Chrm/Air       #.....       14%         2    None
e - Mephitic Cloud        Conj/Pois/Air  ##......     21%         3    #......


Dungeon Overview and Level Annotations

Branches:
Dungeon (3/15)

Altars:
Fedhas
Pakellas
Qazlal

Shops:
D:2 }


Message History

Aim: an orc priest, wielding a war axe (lightly wounded)
The magic dart hits the orc priest.
The orc priest is lightly wounded.
The orc priest hits you with a war axe!
Casting: Magic Dart
Confirm with . or Enter, or press ? or * to list all spells.
You miscast Blink.
Nothing appears to happen.
The orc priest hits you with a war axe!
* * * LOW HITPOINT WARNING * * *
Casting: Blink
Confirm with . or Enter, or press ? or * to list all spells.
Okay, then.
Casting: Blink
Confirm with . or Enter, or press ? or * to list all spells.
You blink.
A goblin comes into view. It is wielding a rapier.
The orc priest invokes the aid of Beogh against you.
Beogh smites you!
Ouch! That really hurt!
You die...

#########.#####
#.....#
#########.##########
#...........#......#
###.).......#........#
............##>......#
#.........###......#
########)##### .†....#
.....##.@# ......#
#g...## ......# ####.#
..<...# ###..#####
......# ##.........#
......# #.o#######..
#.# #.## #.# #. ###(#
##§# .##)##


You could see an orc priest and a goblin.

Vanquished Creatures
  2 adders
  A worm (D:2)
  A dart slug (D:1)
  2 giant geckos (D:1)
  4 orcs (D:3)
  2 giant cockroaches
  4 goblins
  2 hobgoblins
  4 jackals (D:1)
  4 kobolds
  2 quokkas (D:2)
  A ball python (D:2)
  3 bats
  3 giant newts (D:2)
  5 rats
40 creatures vanquished.

Vanquished Creatures (collateral kills)
  The ghost of Mefis the Magician, an amateur DEWz (D:3)
  2 orcs (D:3)
  A kobold (D:3)
4 creatures vanquished.

Grand Total: 44 creatures vanquished

Notes
Turn   | Place    | Note
--------------------------------------------------------------
     0 | D:1      | Mefis the Deep Elf Wizard began the quest for the Orb.
     0 | D:1      | Reached XP level 1. HP: 10/10 MP: 7/7
   204 | D:1      | Reached XP level 2. HP: 15/15 MP: 5/9
   213 | D:1      | Learned a level 2 spell: Call Imp
   216 | D:1      | Learned a level 2 spell: Blink
   219 | D:1      | Learned a level 2 spell: Repel Missiles
   375 | D:1      | Reached skill level 5 in Spellcasting
   983 | D:2      | Reached XP level 3. HP: 19/19 MP: 8/11
   988 | D:2      | Learned a level 3 spell: Mephitic Cloud
  1317 | D:2      | Found an oddly glowing altar of Pakellas.
  1317 | D:2      | Found Pakellas's Prime Provisions.
  1380 | D:2      | Found a blossoming altar of Fedhas.
  1704 | D:3      | Noticed Mefis's ghost (amateur DEWz)
  1755 | D:3      | Killed Mefis's ghost
  1755 | D:3      | Reached XP level 4. HP: 12/24 MP: 1/13
  1914 | D:3      | Found a stormy altar of Qazlal.
  2072 | D:3      | Killed from afar by an orc priest

Vault maps used:
D:1:      shiori_shiawase, minmay_misc_feat_five
D:2:      johnstein_pakellas_shop, fedhas_altar_2, serial_park_tiny_2
D:3:      kennysheep_flooded_box, uniq_iyjb

Skill      XL: |  1  2  3  4 |
---------------+-------------+-----
Spellcasting   | 5 |  5.6
Stealth        | 3 |  3.2
Dodging        | 3 |  3.3
Translocations | 2 |  2.0
Conjurations   | |  1.5
Summonings     | |  1.8
Poison Magic   | |  0.7

Action                   |  1- 3 |  4- 6 || total
-------------------------+-------+-------++-------
Melee: Unarmed           |     1 |       ||     1
 Fire: Hunting sling     |     2 |       ||     2
 Cast: Magic Dart        |    96 |    15 ||   111
       Call Imp          |     4 |       ||     4
       Mephitic Cloud    |     1 |     1 ||     2
       Blink             |       |     1 ||     1
  Eat: Chunk             |     1 |     2 ||     3
Armor: Robe              |     3 |       ||     3
Dodge: Dodged            |    16 |       ||    16
